 Dungeon Crawl Stone Soup version 0.24-a0-769-g368c1644f8 (webtiles) character file.

Game seed: 4287244305172809267, levelgen mode: deterministic

5900 Gargoyl the Covered (level 10, -1/83 HPs)
             Began as a Centaur Abyssal Knight on Oct 6, 2019.
             Was a High Priest of Lugonu.
             Slain by a komodo dragon (16 damage)
             ... on level 1 of the Lair of Beasts.
             The game lasted 00:16:34 (10554 turns).

Gargoyl the Covered (Centaur Abyssal Knight)       Turns: 10554, Time: 00:16:36

Health: -1/83      AC: 13    Str: 19    XL:     10   Next: 53%
Magic:  15/15      EV:  7    Int: 11    God:    Lugonu [*****.]
Gold:   472        SH:  8    Dex: 14    Spells: 9/9 levels left

rFire    . . .     SeeInvis .   a - +2 hand axe (flame)
rCold    . . .     Gourm    .   k - +0 shield
rNeg     . . .     Faith    .   t - +3 scale mail of Suybrut {-Cast Dex+3 Slay+5}
rPois    +         Spirit   .   v - +0 helmet
rElec    .         Reflect  .   (no cloak)
rCorr    .         Harm     .   e - +0 pair of gloves
MR       .....     NoCast   +   (no barding)
Stlth    ..........             (no amulet)
HPRegen  0.23/turn              h - ring of poison resistance
MPRegen  0.14/turn              y - +3 ring of strength

@: very quick
A: large, hooves 3, deformed body, speed 2, tough skin 3
a: Depart the Abyss, Bend Space, Banish, Corrupt, Enter the Abyss, Renounce
Religion


You were on level 1 of the Lair of Beasts.
You worshipped Lugonu.
Lugonu was extremely pleased with you.
You were hungry.

You visited 2 branches of the dungeon, and saw 10 of its levels.
You visited the Abyss 1 time.
You also visited: Sewer.

You collected 628 gold pieces.
You spent 156 gold pieces at shops.

Inventory:

Hand Weapons
 a - a +2 hand axe of flaming (weapon)
Armour
 e - a +0 pair of gloves (worn)
 k - a +0 shield (worn)
 t - the +3 scale mail of Suybrut (worn) {-Cast Dex+3 Slay+5}
   (You found it on level 4 of the Dungeon)

   It affects your dexterity (+3).
   It affects your accuracy and damage with ranged weapons and melee attacks
   (+5).
   It prevents spellcasting.
 v - a +0 helmet (worn)
Jewellery
 h - a ring of poison resistance (left hand)
 w - an uncursed ring of flight
 y - a +3 ring of strength (right hand)
Wands
 f - a wand of disintegration (16)
 g - a wand of enslavement (5)
 u - a wand of random effects (51)
 z - a wand of scattershot (3)
 D - a wand of acid (10)
Scrolls
 d - 4 scrolls of remove curse
 i - a scroll of blinking
 p - 5 scrolls of teleportation
 r - a scroll of magic mapping
 s - a scroll of identify
Potions
 b - 4 potions of flight
 j - a potion of might {unknown}
 l - a potion of magic
 m - a potion of brilliance
 o - 7 potions of curing
 q - 2 potions of agility
 x - 2 potions of cancellation
 A - a potion of lignification
Comestibles
 c - 24 rations


   Skills:
 + Level 5.8 Fighting
 + Level 7.3 Axes
 + Level 1.0 Throwing
 * Level 7.3 Armour
 * Level 4.4 Dodging
 + Level 2.1 Shields
 * Level 6.7 Invocations
 + Level 0.3 Evocations


You had 9 spell levels left.
You didn't know any spells.
Your spell library contained the following spells:

 Spells                   Type           Power        Failure   Level  Hunger
 Confusing Touch          Hex            #.....       99%         1    ##.....
 Corona                   Hex            #......      99%         1    ##.....
 Magic Dart               Conj           #...         99%         1    ##.....
 Shock                    Conj/Air       #...         99%         1    ##.....
 Summon Small Mammal      Summ           #...         99%         1    ##.....
 Blink                    Tloc           N/A          99%         2    ###....
 Call Imp                 Summ           #.......     99%         2    ###....
 Ensorcelled Hibernation  Hex/Ice        #.....       99%         2    ###....
 Slow                     Hex            #.......     99%         2    ###....
 Swiftness                Chrm/Air       #.......     99%         2    ###....
 Call Canine Familiar     Summ           #.......     100%        3    ####...
 Confuse                  Hex            #.......     100%        3    ####...
 Conjure Flame            Conj/Fire      #.......     100%        3    ####...
 Dazzling Spray           Conj/Hex       #.....       100%        3    ####...
 Gell's Gravitas          Tloc           #.........   100%        3    ####...
 Mephitic Cloud           Conj/Pois/Air  #.......     100%        3    ####...
 Static Discharge         Conj/Air       #.......     100%        3    ####...
 Summon Guardian Golem    Hex/Summ       #.......     100%        3    ####...
 Tukima's Dance           Hex            #.......     100%        3    ####...
 Airstrike                Air            #.........   100%        4    #####..
 Cause Fear               Hex            #.........   100%        4    #####..
 Petrify                  Tmut/Erth      #.......     100%        4    #####..
 Summon Ice Beast         Ice/Summ       #.......     100%        4    #####..
 Summon Lightning Spire   Summ/Air       #.......     100%        4    #####..
 Lightning Bolt           Conj/Air       #.........   100%        5    ######.
 Metabolic Englaciation   Hex/Ice        #.........   100%        5    ######.
 Silence                  Hex/Air        #.........   100%        5    ######.
 Yara's Violent Unravell  Hex/Tmut       #.........   100%        5    ######.
 Deflect Missiles         Chrm/Air       #.........   100%        6    #######
 Discord                  Hex            #.........   100%        8    #######


Dungeon Overview and Level Annotations

Branches:
Dungeon (9/15)             Temple (0/1) D:6            Lair (1/6) D:8
  Sewer (visited)
    Orc: D:9-12

Altars:
Sif Muna

Shops:
D:6 (   D:7 %:[


Innate Abilities, Weirdness & Mutations

You have hooves in place of feet.
Armour fits poorly on your strangely shaped body.
You cover ground very quickly.
You have extremely tough skin. (AC +3)


Message History

Your shield and scale mail of Suybrut prevent you from hitting the komodo dragon.
You block the komodo dragon's attack.
You hit the komodo dragon. You burn the komodo dragon.
The komodo dragon is lightly wounded.
You block the komodo dragon's attack.
You hit the komodo dragon but do no damage.
You kick the komodo dragon!
The komodo dragon is moderately wounded.
The komodo dragon bites you!!
You slash the komodo dragon! You burn the komodo dragon.
Your kick misses the komodo dragon.
The komodo dragon is severely wounded.
The komodo dragon bites you!
You hit the komodo dragon but do no damage.
You kick the komodo dragon!
The komodo dragon is almost dead.
The komodo dragon bites you!
* * * LOW HITPOINT WARNING * * *
The komodo dragon bites you!
You die...

........................
........................
........................
.##.#...#.##.####.######
###...### ## #P ### #....##
#########
#######.######....#######.##.##.#
...............l.................
................@................
...>.............................
.##....#########.######P#####..#P
##...P# ### ## ##### #...P# #.
##...## ## #....# # #....# #
###...#### ### #


You could see a komodo dragon.

Vanquished Creatures
  2 spiny frogs
  A hippogriff (Lair:1)
  5 blink frogs (Lair:1)
  A yak (D:7)
  A wyvern (D:7)
  3 hogs (D:7)
  A human (D:7)
  A water moccasin (D:5)
  4 porcupines
  An orc warrior (D:8)
  3 phantoms
  A black bear (D:7)
  2 ogres
  An ice beast (D:5)
  A necrophage (D:8)
  3 centaurs
  3 big kobolds (Sewer)
  Blork the orc (D:7)
  2 bullfrogs
  4 scorpions
  6 killer bees (D:7)
  5 crimson imps
  A centaur zombie (D:5)
  2 jellies (D:6)
  A quasit (D:7)
  2 hounds
  2 orc priests
  An orc wizard (D:5)
  A centaur skeleton (D:8)
  3 worker ants
  A hound zombie (D:7)
  A hound skeleton (D:7)
  A worker ant zombie (D:7)
  10 gnolls
  15 adders
  2 river rats (D:3)
  2 oozes (Sewer)
  An adder zombie (D:5)
  2 worms
  4 dart slugs
  2 leopard geckos
  16 orcs
  3 ball pythons
  8 giant cockroaches
  15 goblins
  11 hobgoblins
  22 jackals
  15 kobolds
  5 quokkas
  9 bats
  3 frilled lizards
  A quokka skeleton (D:6)
  13 rats
227 creatures vanquished.

Vanquished Creatures (others)
  6 plants (Lair:1)
6 creatures vanquished.

Grand Total: 233 creatures vanquished

Notes
Turn   | Place    | Note
-------+----------+-------------------------------------------
     0 | Abyss:1  | Gargoyl the Centaur Abyssal Knight began the quest for the
                  | Orb.
     0 | Abyss:1  | Reached XP level 1. HP: 19/19 MP: 2/2
     6 | Abyss:1  | Found a corrupted altar of Lugonu.
   133 | Abyss:2  | Noticed a spatial vortex
   138 | Abyss:2  | Noticed a wretched star
   139 | D:1      | Escaped the Abyss
   290 | D:1      | Reached XP level 2. HP: 22/26 MP: 3/3
   408 | D:1      | Reached * piety under Lugonu
   540 | D:1      | Reached skill level 1 in Dodging
   888 | D:1      | Reached XP level 3. HP: 19/31 MP: 4/4
  1370 | D:2      | Reached XP level 4. HP: 23/38 MP: 5/5
  2196 | D:2      | Reached ** piety under Lugonu
  2203 | D:2      | Reached XP level 5. HP: 46/46 MP: 7/7
  2523 | D:3      | Found a faded altar of an unknown god.
  2625 | D:3      | Found a glowing drain.
  2643 | Sewer    | Entered a sewer
  2767 | Sewer    | Reached XP level 6. HP: 25/52 MP: 8/8
  3137 | Sewer    | Reached *** piety under Lugonu
  3883 | D:4      | Reached XP level 7. HP: 29/59 MP: 9/9
  4584 | D:4      | Got a pitted scale mail
  4595 | D:4      | Identified the +3 scale mail of Suybrut {-Cast Dex+3
                  | Slay+5} (You found it on level 4 of the Dungeon)
  4721 | D:5      | Entered Level 5 of the Dungeon
  5214 | D:5      | Reached XP level 8. HP: 47/67 MP: 11/11
  5880 | D:6      | Reached **** piety under Lugonu
  5880 | D:6      | Reached skill level 5 in Axes
  6002 | D:6      | Found Finoqom's Antique Weapon Emporium.
  6010 | D:6      | Bought a glowing war axe for 156 gold pieces
  6225 | D:6      | Reached skill level 5 in Invocations
  6575 | D:6      | Found a staircase to the Ecumenical Temple.
  6707 | D:7      | Got a dazzling morningstar
  6708 | D:7      | Identified the +8 morningstar "Nenacir" {speed, rF+ Int+5}
                  | (You found it on level 7 of the Dungeon)
  6715 | D:7      | Found Kacsix's Armour Shoppe.
  6777 | D:7      | Found Sukkeut's Food Shoppe.
  6790 | D:7      | Reached skill level 5 in Fighting
  6790 | D:7      | Reached skill level 5 in Armour
  6983 | D:7      | Got a crystal scythe
  6984 | D:7      | Identified the +9 scythe of Ycvoi {freeze, rN+} (You found
                  | it on level 7 of the Dungeon)
  7071 | D:7      | Reached XP level 9. HP: 72/74 MP: 13/13
  7321 | D:7      | Found Iphoj's Book Boutique.
  7482 | D:7      | Reached skill level 1 in Shields
  7960 | D:7      | Reached ***** piety under Lugonu
  8228 | D:7      | Noticed Blork the orc
  8239 | D:7      | Killed Blork the orc
  8255 | D:7      | Found a shimmering blue altar of Sif Muna.
  8918 | D:8      | Found a staircase to the Lair.
  8924 | D:8      | Reached XP level 10. HP: 57/82 MP: 14/14
  9756 | Lair:1   | Entered Level 1 of the Lair of Beasts
  9818 | Lair:1   | Noticed a spiny frog
  9826 | Lair:1   | Killed a spiny frog
 10293 | Lair:1   | Reached skill level 1 in Throwing
 10383 | Lair:1   | Noticed a spiny frog
 10391 | Lair:1   | Noticed a four-headed hydra
 10515 | D:8      | Killed a spiny frog
 10554 | Lair:1   | Slain by a komodo dragon

Levels and vault maps discovered:
D:1:      lightli_arrival_flooded_house, layout_loops_ring
D:2:      layout_loops_ring, serial_aquarium, aquarium_bridge_square
          [aquarium_subvault_bridge, aquarium_subvault_window,
          aquarium_subvault_bridge, aquarium_subvault_balcony],
          aquarium_window_fake, aquarium_window_2, aquarium_window_2,
          aquarium_view_2b, aquarium_view_2a, aquarium_balcony_3a,
          aquarium_pool_five
D:3:      layout_loops_ring, portal_sewer_entry_c,
          chequers_ecumenical_altar_twisty, hangedman_abyss_or_decor_lesser_grid
D:4:      layout_basic, first_ration
D:5:      layout_cave_pools, minmay_misc_feat_more_columns
D:6:      minmay_evil_eye, layout_gridville, temple_hall, serial_shops,
          shop_fountains
D:7:      layout_loops_corners, serial_shops, shop_coins, shop, shop,
          grunt_livestock, nrook_mini_backslash, serial_park_tiny_pond, tgw_sif
D:8:      layout_basic, grunt_lair_entry_orc_guard_hut
D:9:      layout_layer_cave, lemuel_round_altar, okawaru_trees_1,
          minmay_orc_entry_temple_small, uniq_joseph, uniq_harold
Lair:1:   layout_long_grid, serial_bayou_shore_a

Skill      XL: |  1  2  3  4  5  6  7  8  9 10 |
---------------+-------------------------------+-----
Dodging        | 1 2 3 4 |  4.4
Axes           | 2 3 4 5 6 7 |  7.3
Armour         | 2 3 4 5 6 7 |  7.3
Invocations    | 3 4 5 6 |  6.7
Fighting       | 4 5 |  5.8
Shields        | 1 2 |  2.1
Throwing       | 1 |  1.0
Evocations     | |  0.3

Action                   |  1- 3 |  4- 6 |  7- 9 | 10-12 || total
-------------------------+-------+-------+-------+-------++-------
Melee: Hand axe          |    68 |   220 |   311 |    57 ||   656
       Kick              |    10 |    31 |    75 |    25 ||   141
Throw: Javelin           |       |       |     6 |     3 ||     9
Invok: Depart the Abyss  |     1 |       |       |       ||     1
       Bend Space        |       |       |     1 |       ||     1
 Abil: Evoke Flight      |       |       |     1 |       ||     1
Evoke: Wand              |       |       |     1 |       ||     1
  Use: Scroll            |     7 |     1 |     8 |       ||    16
       Potion            |     1 |       |     6 |     1 ||     8
  Eat: Chunk             |     1 |     7 |    13 |     4 ||    25
Armor: Chain mail        |    60 |   177 |       |       ||   237
       Scale mail        |       |       |   112 |    15 ||   127
       Plate armour      |       |       |    18 |       ||    18
       Skin              |       |       |    37 |       ||    37
Dodge: Dodged            |    16 |    62 |    74 |    16 ||   168
Block: Buckler           |       |    19 |    22 |       ||    41
       Shield            |       |       |    59 |    31 ||    90

Table legend:
 A = Non-vault XP
 B = Vault XP
 C = Vault XP percentage of total XP
 D = Non-vault monster count
 E = Vault monster count
 F = Vault count percentage of total count
                 A         B        C        D         E       F
            +---------+---------+-------+---------+---------+-------
      Total |    6182 |    2247 |  26.7 |     183 |      44 |  19.4
            +---------+---------+-------+---------+---------+-------
        D:1 |      45 |       0 |   0.0 |      17 |       0 |   0.0
        D:2 |     154 |       0 |   0.0 |      36 |       0 |   0.0
        D:3 |      84 |      31 |  27.0 |      23 |       6 |  20.7
        D:4 |     223 |       0 |   0.0 |       9 |       0 |   0.0
        D:5 |     897 |       0 |   0.0 |      33 |       0 |   0.0
        D:6 |     432 |     169 |  28.1 |       9 |       3 |  25.0
        D:7 |    1397 |    1093 |  43.9 |      34 |       6 |  15.0
        D:8 |     878 |     621 |  41.4 |      14 |       5 |  26.3
     Lair:1 |    2072 |       0 |   0.0 |       8 |       0 |   0.0
      Sewer |       0 |     333 | 100.0 |       0 |      24 | 100.0
            +---------+---------+-------+---------+---------+-------
